 Dungeon Crawl Stone Soup version 0.31-a0-1074-g0b22e4e0f1 (webtiles) character file.

Game seed: 15606263441818579719

20 IdlyInterested the Trooper (level 2, 0/24 HPs)
             Began as a Demonspawn Fighter on Nov 29, 2023.
             Succumbed to an adder's poison
             ... on level 2 of the Dungeon.
             The game lasted 00:02:54 (882 turns).

IdlyInterested the Trooper (Demonspawn Fighter)      Turns: 882, Time: 00:02:55

Health: 0/24       AC:  7    Str: 16    XL:     2   Next: 58%
Magic:  2/2        EV:  9    Int:  9    God:
Gold:   1          SH:  4    Dex: 12    Spells: 1/1 levels left

rFire   . .          .
                       - Unarmed
rCold   . . .        b - +0 buckler
rNeg    . . .        a - +0 scale mail
rPois   .            (no helmet)
rElec   .            q - +0 cloak
rCorr   .            (no gloves)
SInv    .            (no boots)
Will    .....        (no amulet) Stlth
                     (no ring)
HPRegen 0.24/turn    (no ring)
MPRegen 0.08/turn

%: no passive effects
@: lethally poisoned (0 -> -10)
A: hooves 1
a: no special abilities


You were on level 2 of the Dungeon.
You visited 1 branch of the dungeon, and saw 2 of its levels.

You collected 87 gold pieces.
You spent 86 gold pieces at shops.

Inventory:

Hand Weapons
 f - a +0 dagger
 m - a +0 short sword
Missiles
 g - 2 stones
 k - 4 poisoned darts (quivered)
 r - 2 boomerangs
Armour
 a - a +0 scale mail (worn)
 b - a +0 buckler (worn)
 l - a +0 leather armour
 q - a +0 cloak (worn)
Jewellery
 i - a ring of fire
Scrolls
 d - 3 scrolls of identify {unknown}
 e - 3 scrolls of blinking {unknown}
 h - 2 scrolls of vulnerability {unknown}
 n - a scroll of noise {unknown}
 s - a scroll of fear {unknown}
Potions
 c - 2 potions of might
 o - a potion of brilliance {unknown}
 p - a potion of heal wounds {unknown}
 t - a potion of resistance {unknown}


   Skills:
 - Level 3.0 Fighting
 - Level 2.6 Armour
 + Level 0.8 Dodging
 - Level 2.6 Shields
 + Level 2.1 Unarmed Combat
 * Level 1.2 Shapeshifting


You had one spell level left.
You didn't know any spells.
Your spell library contained the following spells:

 Spells                   Type           Power      Damage    Failure   Level
 Call Canine Familiar     Summ           0%         N/A       99%         3
 Sigil of Binding         Hex            0%         N/A       99%         3
 Dimensional Bullseye     Hex/Tloc       0%         N/A       100%        4
 Leda's Liquefaction      Hex/Erth       0%         N/A       100%        4


Dungeon Overview and Level Annotations

Branches:
Dungeon (2/15)

Altars:

Shops:
D:2 *


Innate Abilities, Weirdness & Mutations

You have large cloven feet.


Message History

The endoplasm is almost dead.
The adder closely misses you. The endoplasm freezes you.
You are frozen.
You hit the endoplasm.
You kill the endoplasm!
The adder completely misses you.
You hit the adder but do no damage. You block the adder's attack.
You hit the adder.
The adder is lightly wounded.
The adder bites you. x2
You are poisoned.
The adder poisons you!
You miss the adder.
The adder is lightly wounded.
You feel sick. You block the adder's attack.
You closely miss the adder. You kick the adder.
The adder is moderately wounded.
You feel sick. The adder barely misses you.
You barely miss the adder. Your kick misses the adder.
The adder is moderately wounded.
You feel sick. You block the adder's attack. The adder barely misses you.
You barely miss the adder.
The adder is moderately wounded.
You feel sick. The adder bites you.
You are more poisoned.
The adder poisons you!
You hit the adder but do no damage. Your kick misses the adder.
The adder is moderately wounded.
You feel sick. You block the adder's attack.
You miss the adder. Your kick misses the adder.
The adder is moderately wounded.
You feel sick. The adder bites you.
* * * LOW HITPOINT WARNING * * *
The adder bites you.
* * * LOW HITPOINT WARNING * * *
You are more poisoned.
The adder poisons you!
It was a potion of cancellation.
You feel magically purged.
You die...

.#.# .#.# #....
.#.####### #...
.#.#.....### #... ####
##.#.......# #.. ....
##.#......∩# ##.. .....
.#.#.......# ..# ....
.#.#.#<...##.###.#...
.#.#.###..##...#@#.#.#.#
.#........# #...S......
.###.####.##.###.#.#.###
.#........##.# #.#.#
.#.....#.###.# #.# #
.##....#.# #.# #.#
.......#.# #.# #.#
####.....# #.# #)#
#.##### #.###.#


You could see an adder.

Vanquished Creatures
  2 ball pythons
  An endoplasm (D:2)
  A giant cockroach (D:1)
  4 hobgoblins (D:1)
  A quokka (D:1)
  2 bats
  3 kobolds (D:1)
  4 rats
18 creatures vanquished.

Notes
Turn   | Place    | Note
-------+----------+-------------------------------------------
     0 | D:1      | IdlyInterested the Demonspawn Fighter began the quest for
                  | the Orb.
     0 | D:1      | Reached XP level 1. HP: 18/18 MP: 1/1
   247 | D:1      | Discovered your monstrous ancestry.
   247 | D:1      | Gained mutation: You have large cloven feet. [demonic
                  | ancestry]
   247 | D:1      | Reached XP level 2. HP: 19/24 MP: 2/2
   321 | D:1      | Reached skill level 1 in Shapeshifting
   719 | D:2      | Found Itepamiju's Assorted Antiques.
   732 | D:2      | Bought a scroll labelled IDGHUYC ALLAONA for 23 gold pieces
   732 | D:2      | Bought a scroll labelled YGGEJA HAUXIS for 23 gold pieces
   732 | D:2      | Bought a purple potion for 20 gold pieces
   732 | D:2      | Bought a red potion for 20 gold pieces
   882 | D:2      | Succumbed to an adder's poison

Illustrated notes

Levels and vault maps discovered:
D:1:      lemuel_arrival_lava_pool, layout_loops_ring
D:2:      layout_basic, serial_shops, shop, basic_ecumenical_altar,
          chequers_mini_garden

Skill      XL: |  1  2 |
---------------+-------+-----
Unarmed Combat | 2 |  2.1
Shapeshifting  | 1 |  1.2
Fighting       | |  3.0
Armour         | |  2.6
Dodging        | |  0.8
Shields        | |  2.6

Action                     || total
---------------------------++-------
  Melee: Unarmed           ||    69
         Kick              ||     8
    Use: Potion            ||     1
 Armour: Scale mail        ||    37
  Dodge: Dodged            ||    30
  Block: Buckler           ||    10

Table legend: (Time is in decaauts)
 A = Elapsed time spent in this place.
 B = Non-inter-level travel time spent in this place.
 C = Inter-level travel time spent in this place.
 D = Time resting spent in this place.
 E = Time spent auto-exploring this place.
 F = Levels seen in this place.
 G = Mean time per level.
                   A        B        C        D        E       F      G
               +--------+--------+--------+--------+--------+-----+--------+
         Total |    882 |    856 |     26 |     41 |    594 |   2 |  441.0 |
       Dungeon |    882 |    856 |     26 |     41 |    594 |   2 |  441.0 |
               +--------+--------+--------+--------+--------+-----+--------+

Top non-repeatable levels by time:
     D:1: 719 daAuts
     D:2: 163 daAuts
